Philadelphia Phantoms vs Boisbriand Armada

Created - 2 février 2022 at 20:05

Goals
1 2 3 OT1 T
Philadelphia Phantoms 0 3 1 0 4
Boisbriand Armada 2 2 0 1 5
Shots
1 2 3 OT1 T
Philadelphia Phantoms 12 16 10 0 38
Boisbriand Armada 11 15 0 3 29

1st period

1. Boisbriand Armada , Josh Melnick 16 (Alexis Lafreniere 1, Nolan Patrick 37) at 12:27
2. Boisbriand Armada , Alexis Lafreniere 1 (Darren Raddysh 16) at 14:02 (PP)

Penalties :
Juuso Valimaki (PHA) for Roughing (Minor) at 12:42

2nd period

3. Boisbriand Armada , Anthony Richard 12 (Otto Koivula 13) at 1:35
4. Philadelphia Phantoms , Jesper Boqvist 27 (Martin Frk 31) at 1:45
5. Philadelphia Phantoms , Jesper Boqvist 28 (Martin Frk 32, Samuel Fagemo 3) at 5:23
6. Boisbriand Armada , Nolan Patrick 39 (Josh Melnick 31, Wyatte Wylie 15) at 7:56
7. Philadelphia Phantoms , Givani Smith 8 (Ryan Merkley 12, Lias Andersson 37) at 16:44

Penalties :
Nolan Patrick (ARM) for High sticking (Minor) at 18:05

3rd period

8. Philadelphia Phantoms , Jesper Boqvist 29 (Martin Frk 33, Juuso Valimaki 19) at 2:41 (PP)

Penalties :
Donovan Sebrango (ARM) for High sticking (Minor) at 1:48

Overtime #1

9. Boisbriand Armada , Darren Raddysh 3 (Tyrell Goulbourne 1, Donovan Sebrango 11) at 0:53

Penalties :
No Penalty

Goalie Stats

Cayden Primeau (PHA), 13 saves from 17 shots - (0,765), 27:56 minutes
Hunter Miska (PHA), 11 saves from 12 shots - (0,917), OTL, 5-8-1, 32:57 minutes
Hunter Jones (ARM), 34 saves from 38 shots - (0,895), W, 11-4-4, 60:53 minutes

Players Stats for Philadelphia Phantoms

Player Name              G  A  P  +/- PIM S  H  SB GA TA FO     MP     PP MP  PK MP  
------------------------------------------------------------------------------------
A.J. Greer               0  0  0   0  0   0  2  0  0  1  0/0     9:36   0:00   0:26 
Alec Regula              0  0  0   1  0   0  2  1  0  0  0/0    20:10   1:05   0:29 
Arttu Ruotsalainen       0  0  0  -2  0   0  0  1  0  0  8/23   18:35   1:39   0:00 
Dean Kukan               0  0  0   1  0   0  2  1  0  0  0/0    19:05   0:00   0:29 
Dennis Cholowski         0  0  0   0  0   1  0  1  0  3  0/0    22:38   1:47   0:51 
Dryden Hunt              0  0  0  -2  0   3  4  0  2  0  0/1    18:24   1:13   0:00 
Givani Smith             1  0  1   0  0   2  1  0  1  0  0/1    13:13   0:00   0:00 
Jesper Boqvist           3  0  3   2  0   10 2  2  1  0  5/14   17:42   1:13   0:00 
Joey Anderson            0  0  0   0  0   3  0  0  0  0  0/0     9:20   0:00   0:00 
Joey Keane               0  0  0  -2  0   0  0  1  0  0  0/0    20:01   1:47   0:00 
Juuso Valimaki           0  1  1   0  2   0  2  0  0  1  0/0    20:55   1:05   0:00 
Lias Andersson           0  1  1   0  0   3  2  0  0  0  4/8    16:39   1:39   0:54 
Mackenzie Entwistle      0  0  0  -3  0   3  3  1  1  0  0/1    19:10   1:39   0:26 
Martin Frk               0  3  3   2  0   5  1  0  0  1  1/1    17:42   1:13   0:00 
Ryan Merkley             0  1  1  -2  0   3  2  1  0  1  0/0    18:56   0:00   0:51 
Samuel Fagemo            0  1  1   1  0   0  1  0  0  0  0/1    16:48   0:00   0:00 
Tanner Kero              0  0  0   0  0   3  3  0  0  0  0/0    14:07   0:00   0:54 
Zayde Wisdom             0  0  0   0  0   2  0  0  0  0  0/2     9:10   0:00   0:00 

Players Stats for Boisbriand Armada

Player Name              G  A  P  +/- PIM S  H  SB GA TA FO     MP     PP MP  PK MP  
------------------------------------------------------------------------------------
Alexis Lafreniere        1  1  2   0  0   4  1  2  2  0  2/4    24:32   0:41   1:44 
Anthony Richard          1  0  1   1  0   6  1  1  0  0  3/3    14:55   0:00   0:19 
Casey Fitzgerald         0  0  0   1  0   0  2  0  0  0  0/0    14:03   0:00   0:22 
Darren Raddysh           1  1  2   1  0   3  2  2  0  1  0/0    27:12   0:41   1:52 
Dominik Bokk             0  0  0  -1  0   1  2  1  0  1  0/0    18:04   0:39   0:38 
Donovan Sebrango         0  1  1  -1  2   1  1  3  0  0  0/0    19:37   0:39   0:38 
Jack Kopacka             0  0  0   0  0   0  0  0  0  0  0/0     6:59   0:00   0:00 
Jeremy Roy               0  0  0   1  0   0  1  1  0  0  0/0    13:41   0:00   0:00 
Josh Melnick             1  1  2   1  0   2  3  0  1  0  0/0    17:50   0:41   0:08 
Mason Primeau            0  0  0   0  0   1  1  0  0  0  1/1     6:59   0:00   0:00 
Morgan Frost             0  0  0  -1  0   4  0  0  0  0  3/9    18:14   0:39   0:47 
Nolan Patrick            1  1  2   1  2   6  4  1  2  0  22/31  19:30   0:41   0:45 
Otto Koivula             0  1  1   0  0   0  0  4  1  0  0/1    15:44   0:00   0:56 
Pavel Gogolev            0  0  0  -1  0   0  3  0  0  0  1/1    17:56   0:39   0:27 
Tyrell Goulbourne        0  1  1   2  0   0  1  0  0  0  2/2     4:04   0:00   0:00 
Wes Michaud              0  0  0   0  0   0  2  0  0  0  0/0    14:06   0:00   0:00 
Wyatte Wylie             0  1  1  -1  0   0  2  0  1  3  0/0    20:00   0:39   1:00 
Xavier Ouellet           0  0  0   1  0   1  1  1  0  0  0/0    27:12   0:41   1:52 

3 Stars

1 - Jesper Boqvist (PHA)
2 - Josh Melnick (ARM)
3 - Darren Raddysh (ARM)

Power Play

Philadelphia Phantoms - 1 on 2 Attempt(s) - 50,00%
Boisbriand Armada - 1 on 1 Attempt(s) - 100,00%

Penalty Kill

Philadelphia Phantoms - 0 on 1 Attempt(s) - 0,00% - Score 0 goal in Penalty Kill
Boisbriand Armada - 1 on 2 Attempt(s) - 50,00% - Score 0 goal in Penalty Kill

Team Stat

Philadelphia Phantoms - Hits : 27 - Faceoff Wins : 18 - Blocked Shots : 9 - Penalty Minutes : 2
Boisbriand Armada - Hits : 27 - Faceoff Wins : 34 - Blocked Shots : 16 - Penalty Minutes : 4

Official

Referees : Kendrick Nicholson and Dave Lewis
Linesman : Matt MacPherson and Ryan Galloway

Game Notes

Hunter Miska enters game at 7:56 of 2nd period
Jesper Boqvist has scored a Hat Trick!

Finance

Level 1 -- Attendance: 1482 (74,10%) -- Ticket Income 51 870 $
Level 2 -- Attendance: 876 (87,60%) -- Ticket Income 13 140 $
Total Attendance: 2358 (78,60%)
Total Ticket Income: 65 010 $
Other Income: 31 855 $
Total Income: 96 865 $

Philadelphia Phantoms

5 vs 5 Forward 
   Center                   Left Wing                Right Wing               Time % Phy DF OF 
 1 Arttu Ruotsalainen       Dryden Hunt              Mackenzie Entwistle      34     1   2  2  
 2 Jesper Boqvist           Samuel Fagemo            Martin Frk               31     1   2  2  
 3 Lias Andersson           Tanner Kero              Givani Smith             25     1   2  2  
 4 Zayde Wisdom             A.J. Greer               Joey Anderson            10     1   2  2  

5 vs 5 Defense 
   Defense                  Defense                                           Time % Phy DF OF 
 1 Dennis Cholowski         Juuso Valimaki                                    37     1   2  2  
 2 Alec Regula              Dean Kukan                                        33     1   2  2  
 3 Joey Keane               Ryan Merkley                                      30     1   2  2  
 4 Alec Regula              Juuso Valimaki                                    0      1   2  2  

PowerPlay Forward 
   Center                   Left Wing                Right Wing               Time % Phy DF OF 
 1 Arttu Ruotsalainen       Lias Andersson           Mackenzie Entwistle      56     1   2  2  
 2 Jesper Boqvist           Dryden Hunt              Martin Frk               44     1   2  2  

PowerPlay Defense
   Defense                  Defense                                           Time % Phy DF OF 
 1 Dennis Cholowski         Joey Keane                                        56     1   2  2  
 2 Alec Regula              Juuso Valimaki                                    44     1   2  2  

Penalty Kill 4 Players Forward 
   Center                   Wing                     Time % Phy DF OF 
 1 Lias Andersson           Tanner Kero              56     1   2  2  
 2 Mackenzie Entwistle      A.J. Greer               44     1   2  2  

Penalty Kill 4 Players Defense
   Defense                  Defense                  Time % Phy DF OF 
 1 Ryan Merkley             Dennis Cholowski         56     1   2  2  
 2 Alec Regula              Dean Kukan               44     1   2  2  

Penalty Kill - 3 Players Forward 
   Forward                                           Time % Phy DF OF 
 1 Lias Andersson                                    56     1   2  2  
 2 Lias Andersson                                    44     1   2  2  

Penalty Kill - 3 Players Defense
   Defense                  Defense                  Time % Phy DF OF 
 1 Dennis Cholowski         Dean Kukan               57     1   2  2  
 2 Alec Regula              Dean Kukan               43     1   2  2  

4 vs 4 Forward 
   Center                   Wing                     Time % Phy DF OF 
 1 Lias Andersson           Dryden Hunt              57     1   2  2  
 2 Mackenzie Entwistle      Samuel Fagemo            43     1   2  2  

4 vs 4 Defense
   Defense                  Defense                  Time % Phy DF OF 
 1 Joey Keane               Ryan Merkley             57     1   2  2  
 2 Alec Regula              Juuso Valimaki           43     1   2  2  

Last Minutes Offensive
   Center                   Left Wing                Right Wing               Defense                  Defense                  
   Arttu Ruotsalainen       Jesper Boqvist           Mackenzie Entwistle      Dennis Cholowski         Alec Regula              

Last Minutes Defensive
   Center                   Left Wing                Right Wing               Defense                  Defense                  
   Mackenzie Entwistle      Dryden Hunt              Martin Frk               Dennis Cholowski         Alec Regula              

Goaltenders
Starting : Cayden Primeau           
Backup : Hunter Miska             

Extra Forwards
Normal : Lias Andersson, Tanner Kero, Givani Smith - PP : Lias Andersson, Tanner Kero - PK : Givani Smith
Extra Defensemen
Normal : Joey Keane, Ryan Merkley, Alec Regula - PP : Joey Keane - PK : Ryan Merkley, Alec Regula
Penalty Shots
Arttu Ruotsalainen, Dryden Hunt, Lias Andersson, Mackenzie Entwistle, Jesper Boqvist

Scratches
Jan Mysak (Healthy), Tyler Madden (Healthy), Chase Priskie (Healthy), Arsen Khisamutdinov (Healthy), Cole Schwindt (Healthy)
Jeremy Groleau (Healthy), Alexander Holtz (Healthy), Max Martin (Healthy), Oscar Dansk (Healthy), Connor LaCouvee (Healthy)
Jiri Patera (Healthy)

Boisbriand Armada

5 vs 5 Forward 
   Center                   Left Wing                Right Wing               Time % Phy DF OF 
 1 Nolan Patrick            Alexis Lafreniere        Josh Melnick             40     1   2  2  
 2 Morgan Frost             Pavel Gogolev            Dominik Bokk             30     1   2  2  
 3 Anthony Richard          Otto Koivula             Wes Michaud              20     1   2  2  
 4 Mason Primeau            Jack Kopacka             Alexis Lafreniere        10     1   2  2  

5 vs 5 Defense 
   Defense                  Defense                                           Time % Phy DF OF 
 1 Xavier Ouellet           Darren Raddysh                                    40     1   2  2  
 2 Wyatte Wylie             Donovan Sebrango                                  30     1   2  2  
 3 Jeremy Roy               Casey Fitzgerald                                  20     1   2  2  
 4 Xavier Ouellet           Darren Raddysh                                    10     1   2  2  

PowerPlay Forward 
   Center                   Left Wing                Right Wing               Time % Phy DF OF 
 1 Nolan Patrick            Alexis Lafreniere        Josh Melnick             60     1   2  2  
 2 Morgan Frost             Pavel Gogolev            Dominik Bokk             40     1   2  2  

PowerPlay Defense
   Defense                  Defense                                           Time % Phy DF OF 
 1 Xavier Ouellet           Darren Raddysh                                    60     1   2  2  
 2 Wyatte Wylie             Donovan Sebrango                                  40     1   2  2  

Penalty Kill 4 Players Forward 
   Center                   Wing                     Time % Phy DF OF 
 1 Alexis Lafreniere        Nolan Patrick            60     1   2  2  
 2 Pavel Gogolev            Josh Melnick             40     1   2  2  

Penalty Kill 4 Players Defense
   Defense                  Defense                  Time % Phy DF OF 
 1 Xavier Ouellet           Darren Raddysh           60     1   2  2  
 2 Wyatte Wylie             Donovan Sebrango         40     1   2  2  

Penalty Kill - 3 Players Forward 
   Forward                                           Time % Phy DF OF 
 1 Alexis Lafreniere                                 60     1   2  2  
 2 Nolan Patrick                                     40     1   2  2  

Penalty Kill - 3 Players Defense
   Defense                  Defense                  Time % Phy DF OF 
 1 Xavier Ouellet           Darren Raddysh           60     1   2  2  
 2 Wyatte Wylie             Donovan Sebrango         40     1   2  2  

4 vs 4 Forward 
   Center                   Wing                     Time % Phy DF OF 
 1 Alexis Lafreniere        Nolan Patrick            60     1   2  2  
 2 Pavel Gogolev            Josh Melnick             40     1   2  2  

4 vs 4 Defense
   Defense                  Defense                  Time % Phy DF OF 
 1 Xavier Ouellet           Darren Raddysh           60     1   2  2  
 2 Wyatte Wylie             Donovan Sebrango         40     1   2  2  

Last Minutes Offensive
   Center                   Left Wing                Right Wing               Defense                  Defense                  
   Nolan Patrick            Alexis Lafreniere        Josh Melnick             Xavier Ouellet           Darren Raddysh           

Last Minutes Defensive
   Center                   Left Wing                Right Wing               Defense                  Defense                  
   Nolan Patrick            Alexis Lafreniere        Josh Melnick             Xavier Ouellet           Darren Raddysh           

Goaltenders
Starting : Hunter Jones             
Backup : Olivier Rodrigue         

Extra Forwards
Normal : Tyrell Goulbourne, Anthony Richard, Otto Koivula - PP : Tyrell Goulbourne, Anthony Richard - PK : Otto Koivula
Extra Defensemen
Normal : Jeremy Roy, Casey Fitzgerald, Wyatte Wylie - PP : Jeremy Roy - PK : Casey Fitzgerald, Wyatte Wylie
Penalty Shots
Alexis Lafreniere, Nolan Patrick, Pavel Gogolev, Josh Melnick, Morgan Frost

Scratches
Cameron Hebig (Healthy), Henry Bowlby (Healthy), Gabriel Gagne (Healthy), Jakob Stukel (Healthy), Nikolas Brouillard (Healthy)
Veini Vehvilainen (Healthy)

% Time on Ice - Philadelphia Phantoms

Lines # - Real PCT - Wanted PCT - Time Play
Normal Forward
1 - 30% - 34% - 16:46
2 - 30% - 31% - 16:53
3 - 23% - 25% - 12:59
4 - 16% - 10% - 9:10
Normal Defense
1 - 36% - 37% - 20:00
2 - 33% - 33% - 18:36
3 - 31% - 30% - 17:12
4 - 0% - 0% - 0:00
PP Forward
1 - 58% - 56% - 1:39
2 - 42% - 44% - 1:13
PP Defense
1 - 62% - 56% - 1:47
2 - 38% - 44% - 1:05
PK Forward
1 - 68% - 56% - 0:54
2 - 33% - 44% - 0:26
PK Defense
1 - 64% - 56% - 0:51
2 - 36% - 44% - 0:29
PK3 Forward
1 - 0% - 56%
2 - 0% - 44%
PK3 Defense
1 - 0% - 57%
2 - 0% - 43%
44 Forward
1 - 64% - 57% - 0:34
2 - 36% - 43% - 0:19
44 Defense
1 - 100% - 57% - 0:53
2 - 0% - 43% - 0:00
Last Minute Offensive  - 0:00
Last Minute Defensive  - 0:00
Total
Forward - 60:53
Defense - 60:53

% Time on Ice - Boisbriand Armada

Lines # - Real PCT - Wanted PCT - Time Play
Normal Forward
1 - 31% - 40% - 17:25
2 - 32% - 30% - 18:00
3 - 24% - 20% - 13:24
4 - 13% - 10% - 6:59
Normal Defense
1 - 37% - 40% - 20:49
2 - 32% - 30% - 18:00
3 - 25% - 20% - 13:41
4 - 6% - 10% - 3:18
PP Forward
1 - 51% - 60% - 0:41
2 - 49% - 40% - 0:39
PP Defense
1 - 51% - 60% - 0:41
2 - 49% - 40% - 0:39
PK Forward
1 - 95% - 60% - 2:44
2 - 5% - 40% - 0:08
PK Defense
1 - 65% - 60% - 1:52
2 - 35% - 40% - 1:00
PK3 Forward
1 - 0% - 60%
2 - 0% - 40%
PK3 Defense
1 - 0% - 60%
2 - 0% - 40%
44 Forward
1 - 94% - 60% - 0:50
2 - 6% - 40% - 0:03
44 Defense
1 - 60% - 60% - 0:32
2 - 40% - 40% - 0:21
Last Minute Offensive  - 0:00
Last Minute Defensive  - 0:00
Total
Forward - 60:53
Defense - 60:53

Play-by-Play

1st period


0:01 of 1st period - Nolan Patrick wins face-off versus Arttu Ruotsalainen in neutral zone.
0:16 of 1st period - Wrist shot by Arttu Ruotsalainen.
0:16 of 1st period - Shot Misses the Net.
0:30 of 1st period - Martin Frk is hit by Pavel Gogolev.
1:26 of 1st period - Snap shot by Mason Primeau.
1:26 of 1st period - Stopped by Cayden Primeau without a rebound.
1:27 of 1st period - Arttu Ruotsalainen wins face-off versus Morgan Frost in Philadelphia Phantoms zone.
1:52 of 1st period - Jesper Boqvist is hit by Josh Melnick and loses puck.
2:19 of 1st period - Wrist shot by Tanner Kero.
2:19 of 1st period - Shot Misses the Net.
2:21 of 1st period - Slapshot by Alec Regula.
2:21 of 1st period - Shot Misses the Net.
2:37 of 1st period - Slapshot by Alexis Lafreniere.
2:37 of 1st period - Shot Misses the Net.
3:23 of 1st period - Wrist shot by Anthony Richard.
3:23 of 1st period - Stopped by Cayden Primeau without a rebound.
3:24 of 1st period - Nolan Patrick wins face-off versus Lias Andersson in Philadelphia Phantoms zone.
4:08 of 1st period - Wrist shot by Otto Koivula.
4:08 of 1st period - Shot Misses the Net.
4:10 of 1st period - Snap shot by Wes Michaud.
4:10 of 1st period - Shot Blocked by Jesper Boqvist.
4:12 of 1st period - Snap shot by Otto Koivula.
4:12 of 1st period - Deflect By Anthony Richard.
4:12 of 1st period - Stopped by Cayden Primeau with a rebound.
4:28 of 1st period - Wrist shot by Zayde Wisdom.
4:28 of 1st period - Stopped by Hunter Jones without a rebound.
4:29 of 1st period - Mason Primeau wins face-off versus Zayde Wisdom in Boisbriand Armada zone.
5:02 of 1st period - Pavel Gogolev is hit by Dryden Hunt.
5:31 of 1st period - Wrist shot by Lias Andersson.
5:31 of 1st period - Stopped by Hunter Jones without a rebound.
5:32 of 1st period - Anthony Richard wins face-off versus Jesper Boqvist in Boisbriand Armada zone.
5:32 of 1st period - Anthony Richard is hit by Alec Regula.
5:44 of 1st period - Snap shot by Jesper Boqvist.
5:44 of 1st period - Stopped by Hunter Jones with a rebound.
5:46 of 1st period - Snap shot by Jesper Boqvist.
5:46 of 1st period - Stopped by Hunter Jones with a rebound.
6:24 of 1st period - Wrist shot by Lias Andersson.
6:24 of 1st period - Shot Blocked by Darren Raddysh.
6:26 of 1st period - Backhand shot by Alec Regula.
6:26 of 1st period - Shot Blocked by Xavier Ouellet.
6:30 of 1st period - Snap shot by Dryden Hunt.
6:30 of 1st period - Stopped by Hunter Jones without a rebound.
6:31 of 1st period - Morgan Frost wins face-off versus Arttu Ruotsalainen in Boisbriand Armada zone.
6:56 of 1st period - Alexis Lafreniere is hit by Jesper Boqvist and loses puck.
7:21 of 1st period - Snap shot by Lias Andersson.
7:21 of 1st period - Shot Blocked by Otto Koivula.
8:11 of 1st period - Juuso Valimaki is hit by Wyatte Wylie and loses puck.
8:54 of 1st period - Lias Andersson is hit by Alexis Lafreniere and loses puck.
9:21 of 1st period - Wrist shot by Jesper Boqvist.
9:21 of 1st period - Stopped by Hunter Jones with a rebound.
9:24 of 1st period - Icing by Anthony Richard.
9:25 of 1st period - Anthony Richard wins face-off versus Jesper Boqvist in Boisbriand Armada zone.
9:36 of 1st period - Snap shot by Otto Koivula.
9:36 of 1st period - Shot Blocked by Dennis Cholowski.
10:52 of 1st period - Snap shot by Morgan Frost.
10:52 of 1st period - Stopped by Cayden Primeau with a rebound.
10:54 of 1st period - Slapshot by Xavier Ouellet.
10:54 of 1st period - Shot Misses the Net.
10:56 of 1st period - Snap shot by Pavel Gogolev.
10:56 of 1st period - Shot Misses the Net.
10:58 of 1st period - Snap shot by Dominik Bokk.
10:58 of 1st period - Stopped by Cayden Primeau with a rebound.
12:17 of 1st period - Icing by Wes Michaud.
12:18 of 1st period - Nolan Patrick wins face-off versus Arttu Ruotsalainen in Boisbriand Armada zone.
12:25 of 1st period - Snap shot by Alexis Lafreniere.
12:25 of 1st period - Shot Blocked by Ryan Merkley.
12:27 of 1st period - Wrist shot by Alexis Lafreniere.
12:27 of 1st period - Deflect By Josh Melnick.
12:27 of 1st period - Deflect By Arttu Ruotsalainen.
12:27 of 1st period - Goal by Josh Melnick - Philadelphia Phantoms : 0 - Boisbriand Armada : 1.
12:28 of 1st period - Nolan Patrick wins face-off versus Jesper Boqvist in neutral zone.
12:42 of 1st period - Minor Penalty to Juuso Valimaki for Roughing.
12:43 of 1st period - Nolan Patrick wins face-off versus Lias Andersson in Philadelphia Phantoms zone.
12:51 of 1st period - Snap shot by Alexis Lafreniere.
12:51 of 1st period - Deflect By Josh Melnick.
12:51 of 1st period - Stopped by Cayden Primeau with a rebound.
13:09 of 1st period - Pavel Gogolev is hit by Ryan Merkley and loses puck.
13:16 of 1st period - Snap shot by A.J. Greer.
13:16 of 1st period - Deflect By Pavel Gogolev.
13:16 of 1st period - Shot Misses the Net.
13:16 of 1st period - Puck is out of play.
13:17 of 1st period - Lias Andersson wins face-off versus Nolan Patrick in Boisbriand Armada zone.
13:51 of 1st period - Tanner Kero is hit by Donovan Sebrango and loses puck.
14:02 of 1st period - Wrist shot by Alexis Lafreniere.
14:02 of 1st period - Goal by Alexis Lafreniere - Philadelphia Phantoms : 0 - Boisbriand Armada : 2.
14:03 of 1st period - Nolan Patrick wins face-off versus Arttu Ruotsalainen in neutral zone.
14:30 of 1st period - Slapshot by Anthony Richard.
14:30 of 1st period - Deflect By Dryden Hunt.
14:30 of 1st period - Stopped by Cayden Primeau with a rebound.
14:48 of 1st period - Snap shot by Mackenzie Entwistle.
14:48 of 1st period - Stopped by Hunter Jones with a rebound.
14:50 of 1st period - Snap shot by Arttu Ruotsalainen.
14:50 of 1st period - Shot Misses the Net.
15:00 of 1st period - Snap shot by Arttu Ruotsalainen.
15:00 of 1st period - Shot Blocked by Otto Koivula.
15:02 of 1st period - Wrist shot by Ryan Merkley.
15:02 of 1st period - Stopped by Hunter Jones with a rebound.
15:04 of 1st period - Snap shot by Arttu Ruotsalainen.
15:04 of 1st period - Shot Blocked by Otto Koivula.
15:06 of 1st period - Wrist shot by Dryden Hunt.
15:06 of 1st period - Shot Blocked by Donovan Sebrango.
15:08 of 1st period - Slapshot by Ryan Merkley.
15:08 of 1st period - Shot Misses the Net.
15:10 of 1st period - Snap shot by Ryan Merkley.
15:10 of 1st period - Stopped by Hunter Jones without a rebound.
15:11 of 1st period - Nolan Patrick wins face-off versus Samuel Fagemo in Boisbriand Armada zone.
15:20 of 1st period - Snap shot by Alexis Lafreniere.
15:20 of 1st period - Shot Hit the Post.
15:22 of 1st period - Slapshot by Nolan Patrick.
15:22 of 1st period - Shot Misses the Net.
15:24 of 1st period - Slapshot by Darren Raddysh.
15:24 of 1st period - Stopped by Cayden Primeau with a rebound.
15:26 of 1st period - Wrist shot by Nolan Patrick.
15:26 of 1st period - Stopped by Cayden Primeau with a rebound.
15:55 of 1st period - Slapshot by Tanner Kero.
15:55 of 1st period - Shot Blocked by Alexis Lafreniere.
15:57 of 1st period - Wrist shot by A.J. Greer.
15:57 of 1st period - Deflect By Joey Anderson.
15:57 of 1st period - Stopped by Hunter Jones with a rebound.
15:59 of 1st period - Snap shot by Joey Anderson.
15:59 of 1st period - Stopped by Hunter Jones without a rebound.
16:00 of 1st period - Nolan Patrick wins face-off versus Zayde Wisdom in Boisbriand Armada zone.
16:00 of 1st period - Nolan Patrick is hit by Alec Regula.
16:10 of 1st period - Snap shot by Alexis Lafreniere.
16:10 of 1st period - Shot Blocked by Dean Kukan.
16:30 of 1st period - Pavel Gogolev is hit by A.J. Greer and loses puck.
16:45 of 1st period - Wrist shot by Joey Anderson.
16:45 of 1st period - Stopped by Hunter Jones without a rebound.
16:46 of 1st period - Jesper Boqvist wins face-off versus Nolan Patrick in Boisbriand Armada zone.
17:11 of 1st period - Anthony Richard is hit by Dryden Hunt and loses puck.
17:35 of 1st period - Wrist shot by Morgan Frost.
17:35 of 1st period - Shot Misses the Net.
18:04 of 1st period - Martin Frk is hit by Darren Raddysh.
19:12 of 1st period - Alec Regula is hit by Josh Melnick and loses puck.
Goals for this period are 0 for Philadelphia Phantoms vs 2 for Boisbriand Armada.
Shots for this period are 12 for Philadelphia Phantoms vs 11 for Boisbriand Armada.

2nd period


0:01 of 2nd period - Martin Frk wins face-off versus Nolan Patrick in neutral zone.
0:14 of 2nd period - Jesper Boqvist is hit by Josh Melnick and loses puck.
0:25 of 2nd period - Xavier Ouellet is hit by Dryden Hunt and loses puck.
1:08 of 2nd period - Slapshot by Alexis Lafreniere.
1:08 of 2nd period - Shot Misses the Net.
1:10 of 2nd period - Slapshot by Xavier Ouellet.
1:10 of 2nd period - Stopped by Cayden Primeau with a rebound.
1:35 of 2nd period - Wrist shot by Anthony Richard.
1:35 of 2nd period - Goal by Anthony Richard - Philadelphia Phantoms : 0 - Boisbriand Armada : 3.
1:36 of 2nd period - Jesper Boqvist wins face-off versus Nolan Patrick in neutral zone.
1:45 of 2nd period - Snap shot by Jesper Boqvist.
1:45 of 2nd period - Goal by Jesper Boqvist - Philadelphia Phantoms : 1 - Boisbriand Armada : 3.
1:46 of 2nd period - Nolan Patrick wins face-off versus Arttu Ruotsalainen in neutral zone.
2:11 of 2nd period - Martin Frk is hit by Wes Michaud and loses puck.
3:40 of 2nd period - Wrist shot by Morgan Frost.
3:40 of 2nd period - Deflect By Samuel Fagemo.
3:40 of 2nd period - Stopped by Cayden Primeau without a rebound.
3:41 of 2nd period - Morgan Frost wins face-off versus Jesper Boqvist in Philadelphia Phantoms zone.
3:54 of 2nd period - Wrist shot by Dominik Bokk.
3:54 of 2nd period - Shot Blocked by Jesper Boqvist.
4:00 of 2nd period - Snap shot by Morgan Frost.
4:00 of 2nd period - Stopped by Cayden Primeau with a rebound.
4:20 of 2nd period - Snap shot by Martin Frk.
4:20 of 2nd period - Stopped by Hunter Jones with a rebound.
4:41 of 2nd period - Wrist shot by Martin Frk.
4:41 of 2nd period - Stopped by Hunter Jones with a rebound.
5:23 of 2nd period - Slapshot by Jesper Boqvist.
5:23 of 2nd period - Goal by Jesper Boqvist - Philadelphia Phantoms : 2 - Boisbriand Armada : 3.
5:24 of 2nd period - Nolan Patrick wins face-off versus Mackenzie Entwistle in neutral zone.
5:49 of 2nd period - Darren Raddysh is hit by Juuso Valimaki and loses puck.
5:54 of 2nd period - Wrist shot by Lias Andersson.
5:54 of 2nd period - Stopped by Hunter Jones with a rebound.
5:56 of 2nd period - Wrist shot by Givani Smith.
5:56 of 2nd period - Stopped by Hunter Jones with a rebound.
5:58 of 2nd period - Snap shot by Givani Smith.
5:58 of 2nd period - Shot Misses the Net.
7:11 of 2nd period - Off-side.
7:12 of 2nd period - Tyrell Goulbourne wins face-off versus Arttu Ruotsalainen in neutral zone.
7:17 of 2nd period - Snap shot by Nolan Patrick.
7:17 of 2nd period - Stopped by Cayden Primeau without a rebound.
7:18 of 2nd period - Tyrell Goulbourne wins face-off versus Arttu Ruotsalainen in Philadelphia Phantoms zone.
7:45 of 2nd period - Dennis Cholowski is hit by Nolan Patrick and loses puck.
7:50 of 2nd period - Backhand shot by Nolan Patrick.
7:50 of 2nd period - Shot Misses the Net.
7:52 of 2nd period - Slapshot by Wyatte Wylie.
7:52 of 2nd period - Shot Misses the Net.
7:56 of 2nd period - Backhand shot by Josh Melnick.
7:56 of 2nd period - Deflect By Nolan Patrick.
7:56 of 2nd period - Goal by Nolan Patrick - Philadelphia Phantoms : 2 - Boisbriand Armada : 4.
7:56 of 2nd period - Hunter Miska enters game.
7:57 of 2nd period - Arttu Ruotsalainen wins face-off versus Morgan Frost in neutral zone.
8:01 of 2nd period - Off-side.
8:02 of 2nd period - Morgan Frost wins face-off versus Arttu Ruotsalainen in neutral zone.
8:13 of 2nd period - Wrist shot by Morgan Frost.
8:13 of 2nd period - Stopped by Hunter Miska without a rebound.
8:14 of 2nd period - Nolan Patrick wins face-off versus Arttu Ruotsalainen in Philadelphia Phantoms zone.
8:17 of 2nd period - Snap shot by Alexis Lafreniere.
8:17 of 2nd period - Shot Misses the Net.
8:25 of 2nd period - Backhand shot by Arttu Ruotsalainen.
8:25 of 2nd period - Shot Misses the Net.
8:27 of 2nd period - Snap shot by Dennis Cholowski.
8:27 of 2nd period - Deflect By Arttu Ruotsalainen.
8:27 of 2nd period - Shot Blocked by Nolan Patrick.
8:27 of 2nd period - Puck is out of play.
8:28 of 2nd period - Nolan Patrick wins face-off versus Lias Andersson in Boisbriand Armada zone.
9:14 of 2nd period - Wrist shot by Anthony Richard.
9:14 of 2nd period - Stopped by Hunter Miska with a rebound.
9:16 of 2nd period - Snap shot by Anthony Richard.
9:16 of 2nd period - Stopped by Hunter Miska with a rebound.
9:29 of 2nd period - Snap shot by Dryden Hunt.
9:29 of 2nd period - Stopped by Hunter Jones without a rebound.
9:30 of 2nd period - Nolan Patrick wins face-off versus Jesper Boqvist in Boisbriand Armada zone.
9:32 of 2nd period - Icing by Josh Melnick.
9:33 of 2nd period - Nolan Patrick wins face-off versus Jesper Boqvist in Boisbriand Armada zone.
9:40 of 2nd period - Wrist shot by Nolan Patrick.
9:40 of 2nd period - Deflect By Dennis Cholowski.
9:40 of 2nd period - Shot Misses the Net.
9:40 of 2nd period - Puck is out of play.
9:41 of 2nd period - Nolan Patrick wins face-off versus Jesper Boqvist in Philadelphia Phantoms zone.
9:46 of 2nd period - Wrist shot by Alexis Lafreniere.
9:46 of 2nd period - Stopped by Hunter Miska without a rebound.
9:47 of 2nd period - Jesper Boqvist wins face-off versus Nolan Patrick in Philadelphia Phantoms zone.
10:33 of 2nd period - Slapshot by Nolan Patrick.
10:33 of 2nd period - Shot Blocked by Alec Regula.
10:35 of 2nd period - Snap shot by Alexis Lafreniere.
10:35 of 2nd period - Stopped by Hunter Miska with a rebound.
10:37 of 2nd period - Slapshot by Alexis Lafreniere.
10:37 of 2nd period - Shot Misses the Net.
10:39 of 2nd period - Wrist shot by Nolan Patrick.
10:39 of 2nd period - Deflect By Martin Frk.
10:39 of 2nd period - Stopped by Hunter Miska without a rebound.
10:40 of 2nd period - Lias Andersson wins face-off versus Morgan Frost in Philadelphia Phantoms zone.
10:52 of 2nd period - Off-side.
10:53 of 2nd period - Arttu Ruotsalainen wins face-off versus Morgan Frost in neutral zone.
10:58 of 2nd period - Mackenzie Entwistle is hit by Dominik Bokk and loses puck.
11:23 of 2nd period - Slapshot by Givani Smith.
11:23 of 2nd period - Shot Misses the Net.
11:25 of 2nd period - Snap shot by Ryan Merkley.
11:25 of 2nd period - Stopped by Hunter Jones with a rebound.
11:27 of 2nd period - Snap shot by Tanner Kero.
11:27 of 2nd period - Stopped by Hunter Jones with a rebound.
11:29 of 2nd period - Wrist shot by Givani Smith.
11:29 of 2nd period - Shot Blocked by Otto Koivula.
11:39 of 2nd period - Wrist shot by Zayde Wisdom.
11:39 of 2nd period - Shot Blocked by Alexis Lafreniere.
12:42 of 2nd period - Pavel Gogolev is hit by Tanner Kero and loses puck.
12:47 of 2nd period - Slapshot by Tanner Kero.
12:47 of 2nd period - Stopped by Hunter Jones without a rebound.
12:48 of 2nd period - Nolan Patrick wins face-off versus Givani Smith in Boisbriand Armada zone.
12:55 of 2nd period - Wrist shot by Nolan Patrick.
12:55 of 2nd period - Stopped by Hunter Miska without a rebound.
12:56 of 2nd period - Nolan Patrick wins face-off versus Arttu Ruotsalainen in Philadelphia Phantoms zone.
13:03 of 2nd period - Slapshot by Alexis Lafreniere.
13:03 of 2nd period - Stopped by Hunter Miska with a rebound.
13:05 of 2nd period - Snap shot by Donovan Sebrango.
13:05 of 2nd period - Shot Blocked by Arttu Ruotsalainen.
13:07 of 2nd period - Wrist shot by Nolan Patrick.
13:07 of 2nd period - Stopped by Hunter Miska with a rebound.
13:26 of 2nd period - Snap shot by Lias Andersson.
13:26 of 2nd period - Shot Misses the Net.
13:28 of 2nd period - Slapshot by Lias Andersson.
13:28 of 2nd period - Stopped by Hunter Jones without a rebound.
13:29 of 2nd period - Nolan Patrick wins face-off versus Jesper Boqvist in Boisbriand Armada zone.
13:29 of 2nd period - Nolan Patrick is hit by Samuel Fagemo.
14:23 of 2nd period - Wrist shot by Tanner Kero.
14:23 of 2nd period - Shot Blocked by Donovan Sebrango.
15:31 of 2nd period - Slapshot by Tanner Kero.
15:31 of 2nd period - Shot Blocked by Anthony Richard.
15:53 of 2nd period - Dennis Cholowski is hit by Pavel Gogolev and loses puck.
16:04 of 2nd period - Xavier Ouellet is hit by Juuso Valimaki and loses puck.
16:11 of 2nd period - Snap shot by Zayde Wisdom.
16:11 of 2nd period - Stopped by Hunter Jones without a rebound.
16:12 of 2nd period - Anthony Richard wins face-off versus Dryden Hunt in Boisbriand Armada zone.
16:40 of 2nd period - Snap shot by Lias Andersson.
16:40 of 2nd period - Shot Misses the Net.
16:42 of 2nd period - Slapshot by Ryan Merkley.
16:42 of 2nd period - Shot Misses the Net.
16:44 of 2nd period - Wrist shot by Givani Smith.
16:44 of 2nd period - Goal by Givani Smith - Philadelphia Phantoms : 3 - Boisbriand Armada : 4.
16:45 of 2nd period - Nolan Patrick wins face-off versus Arttu Ruotsalainen in neutral zone.
16:53 of 2nd period - Off-side.
16:54 of 2nd period - Nolan Patrick wins face-off versus Arttu Ruotsalainen in neutral zone.
17:28 of 2nd period - Snap shot by Dryden Hunt.
17:28 of 2nd period - Stopped by Hunter Jones without a rebound.
17:29 of 2nd period - Jesper Boqvist wins face-off versus Morgan Frost in Boisbriand Armada zone.
17:30 of 2nd period - Backhand shot by Martin Frk.
17:30 of 2nd period - Stopped by Hunter Jones with a rebound.
17:54 of 2nd period - Otto Koivula is hit by Tanner Kero and loses puck.
17:59 of 2nd period - Snap shot by Tanner Kero.
17:59 of 2nd period - Stopped by Hunter Jones with a rebound.
18:01 of 2nd period - Snap shot by Lias Andersson.
18:01 of 2nd period - Deflect By Givani Smith.
18:01 of 2nd period - Shot Blocked by Donovan Sebrango.
18:01 of 2nd period - Puck is out of play.
18:02 of 2nd period - Nolan Patrick wins face-off versus Lias Andersson in Boisbriand Armada zone.
18:02 of 2nd period - Nolan Patrick is hit by Dean Kukan.
18:05 of 2nd period - Minor Penalty to Nolan Patrick for High sticking.
18:06 of 2nd period - Alexis Lafreniere wins face-off versus Arttu Ruotsalainen in Boisbriand Armada zone.
18:06 of 2nd period - Alexis Lafreniere is hit by Mackenzie Entwistle.
18:21 of 2nd period - Slapshot by Alexis Lafreniere.
18:21 of 2nd period - Shot Blocked by Mackenzie Entwistle.
18:41 of 2nd period - Wrist shot by Dryden Hunt.
18:41 of 2nd period - Shot Misses the Net.
19:19 of 2nd period - Dominik Bokk is hit by Jesper Boqvist and loses puck.
19:56 of 2nd period - Darren Raddysh is hit by Dryden Hunt.
Goals for this period are 3 for Philadelphia Phantoms vs 2 for Boisbriand Armada.
Shots for this period are 16 for Philadelphia Phantoms vs 15 for Boisbriand Armada.

3rd period


0:01 of 3rd period - Arttu Ruotsalainen wins face-off versus Otto Koivula in neutral zone.
0:05 of 3rd period - Penalty to Nolan Patrick is over, Nolan Patrick is back on ice.
0:08 of 3rd period - Slapshot by Mackenzie Entwistle.
0:08 of 3rd period - Stopped by Hunter Jones without a rebound.
0:09 of 3rd period - Alexis Lafreniere wins face-off versus Arttu Ruotsalainen in Boisbriand Armada zone.
0:13 of 3rd period - Icing by Otto Koivula.
0:14 of 3rd period - Jesper Boqvist wins face-off versus Alexis Lafreniere in Boisbriand Armada zone.
0:23 of 3rd period - Wrist shot by Jesper Boqvist.
0:23 of 3rd period - Deflect By Martin Frk.
0:23 of 3rd period - Shot Misses the Net.
0:23 of 3rd period - Puck is out of play.
0:24 of 3rd period - Nolan Patrick wins face-off versus Jesper Boqvist in Boisbriand Armada zone.
1:09 of 3rd period - Snap shot by Jesper Boqvist.
1:09 of 3rd period - Shot Misses the Net.
1:23 of 3rd period - Slapshot by Martin Frk.
1:23 of 3rd period - Stopped by Hunter Jones with a rebound.
1:27 of 3rd period - Snap shot by Jesper Boqvist.
1:27 of 3rd period - Stopped by Hunter Jones with a rebound.
1:29 of 3rd period - Snap shot by Jesper Boqvist.
1:29 of 3rd period - Stopped by Hunter Jones with a rebound.
1:31 of 3rd period - Snap shot by Jesper Boqvist.
1:31 of 3rd period - Shot Blocked by Dominik Bokk.
1:33 of 3rd period - Snap shot by Samuel Fagemo.
1:33 of 3rd period - Shot Misses the Net.
1:35 of 3rd period - Snap shot by Jesper Boqvist.
1:35 of 3rd period - Stopped by Hunter Jones without a rebound.
1:36 of 3rd period - Arttu Ruotsalainen wins face-off versus Nolan Patrick in Boisbriand Armada zone.
1:37 of 3rd period - Slapshot by Mackenzie Entwistle.
1:37 of 3rd period - Stopped by Hunter Jones without a rebound.
1:38 of 3rd period - Arttu Ruotsalainen wins face-off versus Nolan Patrick in Boisbriand Armada zone.
1:48 of 3rd period - Minor Penalty to Donovan Sebrango for High sticking.
1:49 of 3rd period - Arttu Ruotsalainen wins face-off versus Nolan Patrick in Boisbriand Armada zone.
2:19 of 3rd period - Snap shot by Dennis Cholowski.
2:19 of 3rd period - Stopped by Hunter Jones without a rebound.
2:20 of 3rd period - Pavel Gogolev wins face-off versus Arttu Ruotsalainen in Boisbriand Armada zone.
2:41 of 3rd period - Snap shot by Jesper Boqvist.
2:41 of 3rd period - Goal by Jesper Boqvist - Philadelphia Phantoms : 4 - Boisbriand Armada : 4.
2:42 of 3rd period - Lias Andersson wins face-off versus Nolan Patrick in neutral zone.
2:49 of 3rd period - Josh Melnick is hit by Tanner Kero and loses puck.
4:47 of 3rd period - Morgan Frost is hit by Mackenzie Entwistle.
5:11 of 3rd period - Jesper Boqvist is hit by Wyatte Wylie.
5:21 of 3rd period - Wrist shot by A.J. Greer.
5:21 of 3rd period - Shot Blocked by Jeremy Roy.
5:49 of 3rd period - Pavel Gogolev is hit by Ryan Merkley and loses puck.
6:36 of 3rd period - Martin Frk is hit by Tyrell Goulbourne and loses puck.
7:03 of 3rd period - Dean Kukan is hit by Pavel Gogolev and loses puck.
7:27 of 3rd period - Darren Raddysh is hit by A.J. Greer and loses puck.
7:32 of 3rd period - Snap shot by Joey Anderson.
7:32 of 3rd period - Shot Blocked by Darren Raddysh.
7:51 of 3rd period - Martin Frk is hit by Casey Fitzgerald.
7:55 of 3rd period - Juuso Valimaki is hit by Jeremy Roy.
8:23 of 3rd period - Dean Kukan is hit by Dominik Bokk and loses puck.
8:28 of 3rd period - Snap shot by Morgan Frost.
8:28 of 3rd period - Deflect By Dominik Bokk.
8:28 of 3rd period - Shot Misses the Net.
8:28 of 3rd period - Puck is out of play.
8:29 of 3rd period - Arttu Ruotsalainen wins face-off versus Morgan Frost in Philadelphia Phantoms zone.
10:28 of 3rd period - Tanner Kero is hit by Nolan Patrick and loses puck.
11:29 of 3rd period - Ryan Merkley is hit by Nolan Patrick and loses puck.
11:54 of 3rd period - Givani Smith is hit by Darren Raddysh and loses puck.
12:39 of 3rd period - Slapshot by Martin Frk.
12:39 of 3rd period - Stopped by Hunter Jones with a rebound.
13:03 of 3rd period - Nolan Patrick is hit by Dean Kukan and loses puck.
13:24 of 3rd period - Joey Anderson is hit by Wes Michaud and loses puck.
13:35 of 3rd period - Dryden Hunt is hit by Mason Primeau and loses puck.
13:46 of 3rd period - Mackenzie Entwistle is hit by Nolan Patrick and loses puck.
14:03 of 3rd period - Snap shot by Jesper Boqvist.
14:03 of 3rd period - Stopped by Hunter Jones with a rebound.
14:05 of 3rd period - Snap shot by Samuel Fagemo.
14:05 of 3rd period - Shot Misses the Net.
14:21 of 3rd period - Givani Smith is hit by Xavier Ouellet and loses puck.
15:16 of 3rd period - Josh Melnick is hit by Martin Frk and loses puck.
16:41 of 3rd period - Samuel Fagemo is hit by Anthony Richard and loses puck.
16:54 of 3rd period - Jeremy Roy is hit by Givani Smith and loses puck.
17:17 of 3rd period - Josh Melnick is hit by Mackenzie Entwistle and loses puck.
17:34 of 3rd period - Jesper Boqvist is hit by Casey Fitzgerald and loses puck.
19:39 of 3rd period - Josh Melnick is hit by Lias Andersson and loses puck.
Goals for this period are 1 for Philadelphia Phantoms vs 0 for Boisbriand Armada.
Shots for this period are 10 for Philadelphia Phantoms vs 0 for Boisbriand Armada.

Overtime #1


0:01 of 1st overtime period - Lias Andersson wins face-off versus Alexis Lafreniere in neutral zone.
0:06 of 1st overtime period - Darren Raddysh is hit by Lias Andersson and loses puck.
0:47 of 1st overtime period - Slapshot by Donovan Sebrango.
0:47 of 1st overtime period - Stopped by Hunter Miska with a rebound.
0:49 of 1st overtime period - Snap shot by Tyrell Goulbourne.
0:49 of 1st overtime period - Shot Blocked by Joey Keane.
0:51 of 1st overtime period - Wrist shot by Darren Raddysh.
0:51 of 1st overtime period - Stopped by Hunter Miska with a rebound.
0:53 of 1st overtime period - Slapshot by Darren Raddysh.
0:53 of 1st overtime period - Goal by Darren Raddysh - Philadelphia Phantoms : 4 - Boisbriand Armada : 5.
Goals for this period are 0 for Philadelphia Phantoms vs 1 for Boisbriand Armada.
Shots for this period are 0 for Philadelphia Phantoms vs 3 for Boisbriand Armada.